 Dungeon Crawl Stone Soup version 0.30.1 (webtiles) character file.

Game seed: 4470548544417561300

3873 H0rd4k the Martial Artist (level 10, -7/63 HPs)
             Began as an Octopode Artificer on July 4, 2023.
             Was an Initiate of Gozag.
             Mangled by a troll (10 damage)
             ... on level 10 of the Dungeon.
             The game lasted 00:16:58 (11363 turns).

H0rd4k the Martial Artist (Octopode Artificer)     Turns: 11363, Time: 00:16:59

Health: -7/63      AC:  1    Str: 12    XL:     10   Next: 19%
Magic:  14/16      EV: 15    Int: 18    God:    Gozag
Gold:   844        SH:  0    Dex: 12    Spells: 6/17 levels left

rFire   + .          .
                       - Unarmed
rCold   . . .        (no shield)
rNeg    . . .        (helmet restricted)
rPois   .            (no amulet)
rElec   .            i - ring of protection from fire
rCorr   .            D - ring of flight
SInv    .            b - ring of wizardry
Will    .....        (no ring)
Stlth   ++++         (no ring)
HPRegen 0.30/turn    (no ring)
MPRegen 0.15/turn    (no ring)
                     (no ring)

%: wizardry (x1)
@: confusing by touch, flying
A: almost no armour, amphibious, 8 rings, camouflage 1, gelatinous body 1,
(nimble swimmer 1), tentacles
a: Renounce Religion, Potion Petition, Call Merchant, Bribe Branch


You were on level 10 of the Dungeon.
You worshipped Gozag.
Gozag was pleased with you.
You visited 1 branch of the dungeon, and saw 10 of its levels.
You also visited: Ossuary.

You collected 1452 gold pieces.
You spent 429 gold pieces at shops.
You paid 179 gold pieces to Gozag.

Inventory:

Hand Weapons
 j - a +3 dagger of venom
Missiles
 w - 5 curare-tipped darts
 x - 8 poisoned darts
Armour
 E - an orb of mayhem
 I - an orb of energy
Magical Staves
 C - a staff of conjuration
Jewellery
 b - a ring of wizardry (on tentacle)
 i - a ring of protection from fire (left tentacle)
 D - a ring of flight (right tentacle)
Wands
 c - a wand of charming (16)
 d - a wand of iceblast (2)
 A - a wand of roots (13)
 G - a wand of quicksilver (9)
Scrolls
 e - 2 scrolls of enchant weapon
 h - 4 scrolls of vulnerability
 k - 6 scrolls of teleportation
 l - 3 scrolls of enchant armour
 n - 4 scrolls of magic mapping
 t - a scroll of identify
 u - 2 scrolls of noise
Potions
 a - a potion of resistance {unknown}
 f - a potion of haste {unknown}
 g - 3 potions of cancellation
 m - 2 potions of ambrosia {unknown}
 o - 3 potions of invisibility
 p - 7 potions of curing
 q - 3 potions of might
 r - 2 potions of attraction {unknown}
 s - 3 potions of flight
 v - 2 potions of lignification {unknown}
 z - a potion of mutation {unknown}
 B - 4 potions of degeneration {unknown}
 F - a potion of brilliance {unknown}
 H - 2 potions of berserk rage {unknown}


   Skills:
 + Level 3.5 Fighting
 + Level 5.6 Dodging
 - Level 7.4 Stealth
 + Level 8.8 Unarmed Combat
 * Level 4.2 Spellcasting
 * Level 4.8 Hexes
 + Level 5.1 Evocations


You had 6 spell levels left.
You knew the following spells:

 Your Spells              Type           Power      Damage    Failure   Level
a - Confusing Touch       Hex            21%        N/A       2%          3
b - Silence               Hex/Air        6%         N/A       50%         5
c - Inner Flame           Hex/Fire       12%        N/A       6%          3

Your spell library contained the following spells:

 Spells                   Type           Power      Damage    Failure   Level
 Beastly Appendage        Tmut           6%         N/A       6%          1
 Kiss of Death            Conj/Necr      12%        2d6       6%          1
 Wereblood                Tmut           3%         N/A       9%          2
 Spider Form              Tmut/Pois      3%         N/A       17%         3
 Dispel Undead            Necr           3%         3d7       47%         4
 Flame Wave               Conj/Fire      3%         2d5       47%         4
 Passage of Golubria      Tloc           3%         N/A       47%         4
 Sticky Flame             Conj/Fire      3%         2d3       47%         4
 Lehudib's Crystal Spear  Conj/Erth      1%         10d2      100%        8


Dungeon Overview and Level Annotations

Branches:
Dungeon (10/15)            Temple (0/1) D:6            Lair (0/5) D:8
    Orc (0/2) D:9         Ossuary (visited)

Altars:
Dithmenos
Gozag

Shops:
D:3 *   D:4 !*[(   D:6 ?   D:10 ?

Annotations:
D:3 1 runed translucent door, exclusions: door and 1 more exclusion, bencef's ghost, amateur SpFi
D:5 exclusion: downstairs
D:7 Dowan; Duvessa


Innate Abilities, Weirdness & Mutations

You cannot wear most types of armour.
You are amphibious.
You can wear up to eight rings at the same time.
Your skin changes colour to match your surroundings (Stealth+).
Your rubbery body absorbs attacks. (AC +1, EV +1)
((You are camouflaged when in or above water. (Stealth+)))
You have tentacles for arms and can constrict up to eight enemies at once.


Message History

You feel sick.
You feel sick.
You feel sick.
You feel sick.
You are no longer poisoned.
Your tentacles stop glowing.
Magic restored.
HP restored.
You reach down and open the door.
There is an open door here.
You now have 844 gold pieces (gained 16).
c - a wand of charming (16) (gained 5 charges)
A - a wand of roots (13) (gained 4 charges)
A troll comes into view.
Found Publan's Magic Scroll Shoppe.
A troll is nearby!
There is an entrance to Publan's Magic Scroll Shoppe here.
Unknown command.
Casting: Confusing Touch (dangerous; 2% risk of failure)
Confirm with . or Enter, or press ? or * to list all spells.
Your tentacles begin to glow red.
The troll shouts!
You hear an angry hiss.
You completely miss the troll. The troll barely misses you.
The troll completely misses you. The troll closely misses you.
You closely miss the troll.
You squeeze the troll, but do no damage.
The troll closely misses you. The troll barely misses you.
The troll misses you.
You barely miss the troll. Your squeeze misses the troll.
You barely miss the troll. The troll closely misses you.
The troll barely misses you. The troll claws you.
You barely miss the troll. The troll bites you!
The troll completely misses you. The troll claws you!
You barely miss the troll. Your squeeze misses the troll. The troll bites you!!
* * * LOW HITPOINT WARNING * * *
The troll claws you!
* * * LOW HITPOINT WARNING * * *
The troll claws you!
You die...
Your body crumbles into a pile of gold.

.........
..........
..........
#.........
#........
#........ #T...#
#. #@...# #.
#.∩..# #.
#....####
#.#####........
#..............#
#...######.....#
#...# .....#
##...# .....#
#....+ .....#


You could see a troll.

Vanquished Creatures
  A hornet (D:10)
  Prince Ribbit (D:8)
  A wyvern (D:9)
  2 water moccasins
  A sky beast (D:7)
  An orc warrior (D:9)
  3 centaurs
  An elf zombie (D:4)
  2 kobold brigands
  2 bullfrogs
  A gnoll sergeant (D:7)
  4 elf skeletons (D:4)
  A scorpion (D:6)
  3 wights (D:8)
  11 killer bees
  4 howler monkeys (D:9)
  3 hounds
  2 gnoll boudas
  5 orc priests
  4 sleepcaps
  2 iguanas
  6 orc wizards
  8 mummies (Ossuary)
  12 gnolls
  6 adders
  A white imp (D:6)
  3 ufetubi
  3 worms
  2 dart slugs
  23 orcs
  6 ball pythons
  6 bats
  9 endoplasms
  4 giant cockroaches
  10 hobgoblins
  5 jackals
  5 quokkas
  2 frilled lizards (D:2)
  A gnoll zombie (Ossuary)
  6 goblins
  2 hobgoblin zombies (Ossuary)
  11 kobolds
  4 kobold zombies (Ossuary)
  2 orc zombies
  7 rats
199 creatures vanquished.

Vanquished Creatures (collateral kills)
  A centaur (D:7)
  A killer bee (D:7)
  An iguana (D:5)
  7 gnolls
  An orc (D:3)
  A kobold (D:8)
12 creatures vanquished.

Vanquished Creatures (others)
  A water moccasin (D:7)
  A killer bee (D:7)
  An orc priest (D:3)
  A kobold (D:8)
4 creatures vanquished.

Grand Total: 215 creatures vanquished

Notes
Turn   | Place    | Note
-------+----------+-------------------------------------------
     0 | D:1      | H0rd4k the Octopode Artificer began the quest for the Orb.
     0 | D:1      | Reached XP level 1. HP: 13/13 MP: 1/1
    99 | D:1      | Reached XP level 2. HP: 12/18 MP: 2/2
   638 | D:1      | Reached XP level 3. HP: 23/23 MP: 3/3
   978 | D:2      | Reached skill level 1 in Unarmed Combat
  1070 | D:2      | Reached XP level 4. HP: 28/28 MP: 4/4
  1598 | D:2      | Found a faded altar of an unknown god.
  1822 | D:2      | Reached skill level 2 in Unarmed Combat
  2034 | D:3      | Reached XP level 5. HP: 26/33 MP: 5/5
  2580 | D:3      | Reached skill level 3 in Unarmed Combat
  2718 | D:3      | Reached XP level 6. HP: 23/38 MP: 6/6
  2779 | D:3      | Noticed bencef's ghost (amateur SpFi)
  2783 | D:3      | Found a runed translucent door.
  2834 | D:3      | Found Heqym's Assorted Antiques.
  3002 | D:4      | Found Pagu's General Store.
  3009 | D:4      | Found Vaot's Antique Armour Shop.
  3105 | D:4      | Found Gidun's Antique Weapon Shop.
  3118 | D:4      | Reached skill level 5 in Stealth
  3149 | D:4      | Reached skill level 4 in Unarmed Combat
  3161 | D:4      | Found a sand-covered staircase.
  3177 | Ossuary  | Entered an ossuary
  3255 | Ossuary  | Reached XP level 7. HP: 40/43 MP: 7/7
  3741 | D:4      | Reached skill level 5 in Unarmed Combat
  3934 | D:4      | Found Dumoq's Distillery.
  4536 | D:5      | Entered Level 5 of the Dungeon
  4596 | D:5      | Found an opulent altar of Gozag.
  4605 | D:5      | Became a worshipper of Gozag Ym Sagoz the Greedy
  4817 | D:5      | Reached XP level 8. HP: 40/48 MP: 8/8
  5087 | D:5      | Learned a level 3 spell: Confusing Touch
  5549 | D:6      | You fall into a shaft and drop 2 floors!
  5566 | D:8      | Reached skill level 6 in Unarmed Combat
  5600 | D:8      | Noticed Prince Ribbit
  5739 | D:8      | Reached skill level 1 in Hexes
  5840 | D:7      | Reached skill level 1 in Spellcasting
  5943 | D:7      | Reached XP level 9. HP: 27/54 MP: 10/12
  6128 | D:7      | Reached skill level 7 in Unarmed Combat
  6153 | D:7      | Noticed Duvessa
  6153 | D:7      | Noticed Dowan
  6797 | D:7      | Reached skill level 5 in Evocations
  7673 | D:6      | Found Ehaonlosk's Magic Scroll Boutique.
  7871 | D:6      | Found a staircase to the Ecumenical Temple.
  7971 | D:6      | Reached skill level 5 in Dodging
  8343 | D:8      | Killed Prince Ribbit
  8344 | D:8      | Reached skill level 8 in Unarmed Combat
  8655 | D:8      | Found a staircase to the Lair.
  9381 | D:4      | Bought a glowing orb for 324 gold pieces
  9406 | D:4      | Bought a potion of might for 52 gold pieces
  9451 | D:3      | Bought a scroll labelled YPUILI RUDDUE for 28 gold pieces
  9453 | D:3      | Bought a murky clear potion for 25 gold pieces
  9900 | D:9      | Found a staircase to the Orcish Mines.
  9964 | D:9      | Found a shadowy altar of Dithmenos.
 10000 | D:9      | Learned a level 5 spell: Silence
 10004 | D:9      | Learned a level 3 spell: Inner Flame
 10032 | D:9      | Reached XP level 10. HP: 15/63 MP: 15/15
 11224 | D:10     | Entered Level 10 of the Dungeon
 11351 | D:10     | Found Publan's Magic Scroll Shoppe.
 11363 | D:10     | HP: 3/63 [troll (11)]
 11363 | D:10     | Mangled by a troll

Illustrated notes

Levels and vault maps discovered:
D:1:      dpeg_arrival_radiant, layout_loops_ring
D:2:      minmay_evil_eye, layout_loops_cross,
          hellmonk_ecumenical_altar_leap_of_faith, kennysheep_cross_bottleneck
D:3:      layout_loops_ring, hellmonk_ghost_happy_afterlife, serial_shops,
          nicolae_shop_back_alley_shop, minmay_misc_feat_five,
          minmay_statues_item
D:4:      layout_cave_pods, serial_shops, nicolae_shop_waterfront,
          shop_fountains, shop, shop, nicolae_ossuary_entry_catacombs
D:5:      layout_rooms, nicolae_gozag_cash_rules_everything_around_me
D:6:      layout_basic, minmay_temple_entry_enclosed_plants, serial_shops, shop
D:7:      layout_basic, minmay_crossroads, uniq_duvessa
D:8:      nicolae_cairo_tiling, layout_loops_ring, uniq_prince_ribbit1
D:9:      layout_roguey, grunt_dithmenos_smoke, orc_0_dummy
D:10:     layout_irregular_city, minitemple, serial_shops, shop,
          minmay_crystal_water

Skill      XL: |  1  2  3  4  5  6  7  8  9 10 |
---------------+-------------------------------+-----
Stealth        | 2 3 4 5 7 |  7.4
Evocations     | 4 5 |  5.1
Unarmed Combat | 1 2 3 4 5 6 8 |  8.8
Dodging        | 3 4 5 |  5.6
Hexes          | 2 4 |  4.8
Fighting       | 2 3 |  3.5
Spellcasting   | 2 3 4 |  4.2

Action                     |  1- 3 |  4- 6 |  7- 9 | 10-12 || total
---------------------------+-------+-------+-------+-------++-------
  Melee: Unarmed           |    76 |   146 |   349 |    54 ||   625
         Constrict         |    20 |    34 |    85 |     8 ||   147
         Tentacles         |    16 |    39 |    94 |    13 ||   162
         Punch             |     2 |     4 |    32 |     3 ||    41
   Cast: Confusing Touch   |       |       |    10 |     8 ||    18
  Evoke: Wand              |       |     2 |    25 |     2 ||    29
    Use: Scroll            |       |       |    16 |       ||    16
   Stab: Sleeping          |    11 |    14 |    12 |       ||    37
         Distracted        |       |     1 |     3 |       ||     4
         Betrayed ally     |       |       |     1 |       ||     1
         Confused          |       |       |     2 |     2 ||     4
 Armour: Skin              |     3 |     6 |    13 |     2 ||    24
  Dodge: Dodged            |    42 |    62 |   207 |    52 ||   363
